Map: King Sejong Station LE

Players

sangana

  • Race: Zerg Zerg

Gracz - Winner!

  • Race: Protoss Protoss
  • League: Silver

VOD

Have the link to the VOD?

Description

Time

  • Played on: Oct. 30, 2016, 5:12 p.m.
  • Length: 10:31
Show
View Real Time Build Order
Export as new Build Order

sangana Zerg 

Build Orders: Pool First 

Get SALT Encoding   

  12  0:22  Spawning Pool  
  12  0:27  Extractor  
  10  0:32  Extractor  
  9  1:04  Unknown, Hatchery  
  8  1:08  Drone x2  
  10  1:13  Drone  
  11  1:34  Drone x2  
  13  1:45  Overlord  
  13  1:58  Spine Crawler  
  13  2:01  Drone  
  13  2:15  Unknown  
  13  2:22  Drone x3  
  16  2:36  Lair  
  16  2:41  Drone  
  17  2:59  Zergling x6  
  17  3:02  Zergling x2  
  21  3:07  Zergling x2  
  22  3:17  Zergling x4  
  24  3:22  Zergling x2  
  25  3:47  Zergling x6  
  28  4:00  Overlord x2  
  28  4:23  Drone x4  
  32  4:24  Drone  
  33  4:33  Hydralisk Den  
  23  5:13  Hydralisk x5  
  31  5:26  Hydralisk  
  33  5:31  Lurker Den  
  33  5:42  Hydralisk x2  
  37  6:13  Unknown, Hatchery  
  36  6:54  Unknown, Hatchery  
  36  6:58  Unknown, Hatchery  
  34  7:01  Hydralisk  
  34  7:06  Hydralisk  
  38  7:15  Hydralisk  
  40  7:25  Unknown  
  40  7:30  Drone x2  
  40  7:31  Drone  
  43  7:38  Overlord  
  43  7:46  Overlord  
  43  7:53  Hydralisk  
  45  8:02  Drone x2  
  45  8:04  Drone  
  48  8:06  Unknown  
  48  8:09  Unknown  
  48  8:20  Drone  
  48  8:21  Drone x4  
  53  8:33  Drone x3  
  56  8:40  Extractor  
  55  8:42  Extractor  
  55  8:43  Drone x3  
  57  8:56  Drone x2  
  57  8:57  Drone  
  38  9:42  Hydralisk  
  38  9:43  Hydralisk x2  
  38  9:44  Hydralisk x6  
Show
View Real Time Build Order
Export as new Build Order

Gracz Protoss - Winner!

Build Orders: 1 Gate Expand 

Get SALT Encoding   

  12  0:01  Probe (Chrono Boost)  
  13  0:20  Pylon  
  13  0:24  Probe (Chrono Boost)  
  14  0:30  Assimilator  
  14  0:37  Probe (Chrono Boost)  
  15  0:47  Gateway  
  15  0:55  Gateway  
  15  1:05  Pylon  
  15  1:08  Probe (Chrono Boost)  
  17  1:18  Probe (Chrono Boost)  
  17  1:39  Unknown, Nexus  
  17  1:52  Cybernetics Core  
  17  2:09  Probe (Chrono Boost)  
  18  2:20  Assimilator, Probe (Chrono Boost)  
  19  2:29  Pylon  
  19  2:35  Robotics Facility  
  19  2:38  Probe (Chrono Boost)  
  19  2:48  Warp Gate  
  19  2:50  Unknown  
  19  2:54  Gateway  
  19  3:00  Probe (Chrono Boost)  
  19  3:01  Probe (Chrono Boost), Gateway  
  21  3:11  Mothership Core (Chrono Boost)  
  23  3:17  Stalker  
  25  3:29  Probe x2 (Chrono Boost)  
  27  3:39  Probe (Chrono Boost)  
  27  3:41  Probe (Chrono Boost)  
  29  3:53  Stargate  
  29  4:01  Probe (Chrono Boost)  
  29  4:02  Probe (Chrono Boost)  
  31  4:06  Robotics Facility  
  31  4:19  Stalker  
  31  4:20  Stalker  
  35  4:28  Assimilator  
  35  4:30  Probe (Chrono Boost)  
  37  4:32  Probe (Chrono Boost)  
  37  4:35  Assimilator  
  37  4:39  Pylon  
  37  4:41  Probe (Chrono Boost)  
  37  4:44  Probe (Chrono Boost)  
  39  4:45  Pylon  
  39  4:57  Stalker  
  41  5:16  Gateway  
  41  5:19  Gateway  
  41  5:53  Fleet Beacon  
  41  5:55  Twilight Council  
  41  5:58  Stargate  
  41  6:10  Probe (Chrono Boost)  
  43  6:11  Probe (Chrono Boost)  
  43  6:15  Stalker x3  
  43  6:17  Blink  
  49  6:20  Probe (Chrono Boost)  
  49  6:23  Probe (Chrono Boost)  
  51  6:34  Warp Prism  
  51  6:36  Immortal  
  57  6:43  Probe (Chrono Boost)  
  57  6:44  Probe (Chrono Boost)  
  59  6:55  Unknown, Nexus  
  59  7:00  Stalker  
  61  7:02  Pylon  
  61  7:16  Templar Archives, Gateway  
  61  7:19  Dark Shrine  
  63  7:24  Probe x2 (Chrono Boost)  
  63  7:40  Stalker x3  
  69  7:48  Stalker x2  
  73  8:02  Stalker  
  73  8:04  Sentry  
  77  8:06  Unknown  
  77  8:10  Pylon  
  77  8:13  Pylon  
  77  8:16  Pylon  
  77  8:25  Stalker x2  
  77  8:26  Stalker  
  83  8:43  Forge  
  83  8:44  Forge  
  83  8:49  Probe (Chrono Boost)  
  83  8:51  Probe x2 (Chrono Boost)  
  88  9:03  Stalker x2, Probe x2 (Chrono Boost)  
  88  9:04  Stalker  
  94  9:16  Adept x2  
  98  9:17  Adept  
  90  9:59  Stalker x3  
  94  10:07  Adept  
  94  10:08  Adept  
  98  10:18  Stalker  
Tags
 
Add a new tag
Caveats
  • Supply blocks, unpowered buildings, or Contaminate may cause inaccurate times.
  • Supply counts are checked every 10 seconds.